 Dungeon Crawl Stone Soup version 0.30-a0-779-g7971cf19c3 (webtiles) character file.

Game seed: 15798511401252812360

76 Goldberg the Cutter (level 4, -4/33 HPs)
             Began as a Human Gladiator on Feb 17, 2023.
             Killed by divine providence
             ... invoked by an orc priest
              (11 damage)
             ... on level 3 of the Dungeon.
             The game lasted 00:10:15 (2054 turns).

Goldberg the Cutter (Human Gladiator)               Turns: 2054, Time: 00:10:16

Health: -4/33      AC:  4    Str: 15      XL:     4   Next: 57%
Magic:  4/4        EV: 13    Int:  7 (8)  God:
Gold:   117        SH:  0    Dex: 16      Spells: 3/3 levels left

rFire   + . .      SeeInvis .    g - +0 dagger (drain)
rCold   x . .      Faith    .    (no shield)
rNeg    . . .      Spirit   .    b - +0 leather armour
rPois   .          Reflect  .    c - +0 helmet
rElec   .          Harm     .    (no cloak)
rCorr   .          Rampage  .    (no gloves)
Will    .....                    (no boots)
Stlth   ++                       (no amulet)
HPRegen 0.25/turn                h - ring of fire
MPRegen 0.09/turn                (no ring)

@: no status effects
A: no striking features
a: no special abilities


You were on level 3 of the Dungeon.
You visited 1 branch of the dungeon, and saw 3 of its levels.

You collected 117 gold pieces.

Inventory:

Hand Weapons
 a - a +0 rapier
 f - a +0 sling
 g - a +0 dagger of draining (weapon)
Missiles
 d - 2 throwing nets (quivered)
 e - a javelin
Armour
 b - a +0 leather armour (worn)
 c - a +0 helmet (worn)
Jewellery
 h - a ring of fire (left hand)
 j - a ring of magical power
Scrolls
 k - 2 scrolls of amnesia {unknown}
 m - a scroll of fog {unknown}
Potions
 i - a potion of degeneration
 l - a potion of ambrosia {unknown}
 n - a potion of flight {unknown}


   Skills:
 + Level 2.2 Fighting
 + Level 4.0 Short Blades
 + Level 2.0 Throwing
 - Level 0.1 Armour
 + Level 3.6 Dodging
 * Level 1.4 Stealth


You had 3 spell levels left.
You didn't know any spells.
Your spell library was empty.

Dungeon Overview and Level Annotations

Branches:
Dungeon (3/15)

Altars:


Message History

You hit the orc.
The orc is severely wounded.
The orc barely misses you. The orc priest barely misses you.
The orc closely misses you.
You hit the orc.
You kill the orc!
The orc closely misses you.
The orc priest hits you but does no damage.
The orc hits you with a +0 short sword.
You barely miss the orc priest. The orc barely misses you.
The orc priest closely misses you.
You closely miss the orc priest. You hit the orc priest.
The orc priest is lightly wounded.
The orc misses you. The orc priest misses you.
You closely miss the orc priest.
The orc priest is lightly wounded.
The orc closely misses you.
The orc priest hits you with a +0 dagger.
You barely miss the orc priest.
The orc priest is lightly wounded.
The orc hits you with a +0 short sword. The orc priest barely misses you.
You hit the orc priest but do no damage.
The orc priest is lightly wounded.
The orc closely misses you.
The orc priest hits you but does no damage.
You barely miss the orc priest.
The orc priest is lightly wounded.
You hit the orc priest but do no damage.
You drain the orc priest.
The orc priest is moderately wounded.
The orc priest hits you with a +0 dagger.
The orc hits you with a +0 short sword.
You hit the orc priest but do no damage.
The orc priest is moderately wounded.
The orc hits you with a +0 short sword.
* * * LOW HITPOINT WARNING * * *
The orc priest invokes the aid of Beogh against you.
Beogh smites you!
You die...

................... .....
#. #................. .....
.###[..#####........ ......
..# #.#####........ ......
#.###..............
.....####..##.####...#.....
........#.##.## ###.......
##.###...o#o....# ###.#...
.........oo@....# #.+...
####.##########......
###... ######## ######


#.PPP ##..PP# #..PPP###P.P..# +PPPP.._...P..† #.PPPP###.....# #PPPP ##....# ####
###### You could see an orc priest (very drained) and 3 orcs.

Vanquished Creatures
  An adder (D:2)
  A worm (D:2)
  3 dart slugs
  4 orcs (D:3)
  2 ball pythons (D:1)
  5 bats
  5 endoplasms
  5 giant cockroaches
  6 hobgoblins
  6 jackals
  2 quokkas (D:2)
  2 frilled lizards (D:1)
  4 kobolds
  A rat (D:1)
47 creatures vanquished.

Vanquished Creatures (others)
  A plant (D:3)
1 creature vanquished.

Grand Total: 48 creatures vanquished

Notes
Turn   | Place    | Note
-------+----------+-------------------------------------------
     0 | D:1      | Goldberg the Human Gladiator began the quest for the Orb.
     0 | D:1      | Reached XP level 1. HP: 16/16 MP: 1/1
     3 | D:1      | Noticed an electric eel
    15 | D:1      | Noticed an electric eel
   113 | D:1      | Reached XP level 2. HP: 21/22 MP: 2/2
   523 | D:1      | Reached XP level 3. HP: 10/27 MP: 3/3
  1268 | D:2      | Reached skill level 1 in Stealth
  1305 | D:2      | Reached XP level 4. HP: 32/33 MP: 4/4
  1945 | D:3      | Found a faded altar of an unknown god.
  1979 | D:3      | Reached skill level 4 in Short Blades
  2054 | D:3      | Killed from afar by an orc priest

Illustrated notes

Levels and vault maps discovered:
D:1:      arrival_aquarium_b, layout_loops_corners,
          chequers_serial_rivers_small_b, minivault_25
D:2:      layout_loops_ring
D:3:      layout_basic, okawaru_ov_weapons_minmay,
          shapermc_ecumenical_altar_flowoftime

Skill      XL: |  1  2  3  4 |
---------------+-------------+-----
Stealth        | 1 |  1.4
Short Blades   | 4 |  4.0
Fighting       | |  2.2
Throwing       | |  2.0
Armour         | |  0.1
Dodging        | |  3.6

Action                     |  1- 3 |  4- 6 || total
---------------------------+-------+-------++-------
  Melee: Rapier            |   105 |       ||   105
         Punch             |     1 |       ||     1
         Dagger            |    11 |    62 ||    73
  Throw: Throwing net      |     2 |       ||     2
    Use: Scroll            |     3 |       ||     3
         Potion            |     1 |       ||     1
   Stab: Sleeping          |       |     1 ||     1
 Armour: Leather armour    |    33 |    13 ||    46
  Dodge: Dodged            |    72 |    31 ||   103

Table legend: (Time is in decaauts)
 A = Elapsed time spent in this place.
 B = Non-inter-level travel time spent in this place.
 C = Inter-level travel time spent in this place.
 D = Time resting spent in this place.
 E = Time spent auto-exploring this place.
 F = Levels seen in this place.
 G = Mean time per level.
                   A        B        C        D        E       F      G
               +--------+--------+--------+--------+--------+-----+--------+
         Total |   2040 |   2006 |     34 |     81 |    903 |   3 |  680.0 |
       Dungeon |   2040 |   2006 |     34 |     81 |    903 |   3 |  680.0 |
               +--------+--------+--------+--------+--------+-----+--------+

Top non-repeatable levels by time:
     D:1: 1074 daAuts
     D:2: 775 daAuts
     D:3: 191 daAuts
